 Dungeon Crawl Stone Soup version 0.26.1-2-gb8aa6d0cf2 (webtiles) character file.

Game seed: 12521867430164828459

39 windgrace the Sneak (level 3, -4/24 HPs)
             Began as a Vampire Brigand on Feb 8, 2021.
             Splashed by a jelly's acid (8 damage)
             ... on level 2 of the Dungeon.
             The game lasted 00:13:04 (1061 turns).

windgrace the Sneak (Vampire Brigand)               Turns: 1061, Time: 00:13:05

Health: -4/24      AC:  3    Str:  8 (10) XL:     3   Next: 28%
Magic:  3/3        EV: 12    Int: 11 (13) God:
Gold:   39         SH:  0    Dex: 14 (16) Spells: 2/2 levels left

rFire    . . .     SeeInvis +   a - +2 dagger
rCold    . . .     Faith    .   (no shield)
rNeg     . . .     Spirit   .   f - +0 robe
rPois    .         Reflect  .   (no helmet)
rElec    .         Harm     .   c - +0 cloak
rCorr    .         Rampage  .   (no gloves)
Will     .....                  (no boots)
Stlth    +++.......             (no amulet)
HPRegen  0.28/turn              (no ring)
MPRegen  0.08/turn              (no ring)

@: regenerating quickly
A: fangs 3, see invisible, [frail 1], unbreathing
a: Exsanguinate


You were on level 2 of the Dungeon.
You visited 1 branch of the dungeon, and saw 2 of its levels.

You collected 39 gold pieces.

Inventory:

Hand Weapons
 a - a +2 dagger (weapon)
 k - a +0 dagger
Missiles
 d - 8 poisoned darts (quivered)
 e - 2 curare-tipped darts
 g - 93 stones
Armour
 b - a +0 robe
 c - a +0 cloak (worn)
 f - a +0 robe (worn)
Scrolls
 h - 2 scrolls of teleportation {unknown}
 l - a scroll of noise {unknown}
Potions
 i - a potion of brilliance {unknown}
 j - a potion of cancellation {unknown}
 m - a potion of curing {unknown}
 n - a potion of haste {unknown}


   Skills:
 + Level 2.0 Fighting
 + Level 2.3 Short Blades
 + Level 1.9 Throwing
 + Level 1.4 Dodging
 + Level 7.0 Stealth


You had 2 spell levels left.
You didn't know any spells.
Your spell library was empty.

Dungeon Overview and Level Annotations

Branches:
Dungeon (2/15)

Altars:


Innate Abilities, Weirdness & Mutations

Your natural rate of healing is unusually fast.
You have razor-sharp teeth.
You have supernaturally acute eyesight. (SInv)
You can survive without breathing.
[You are frail. (-10% HP)]


Message History

The jelly hits you but does no damage. The jelly barely misses you.
You hit the jelly.
Your hands burn!
The jelly is lightly wounded.
The jelly hits you but does no damage. The giant cockroach misses you.
You hit the jelly.
Your hands burn!
The jelly is lightly wounded.
The jelly hits you but does no damage.
The giant cockroach bites you but does no damage.
The goblin hits you.
You hit the giant cockroach but do no damage.
The giant cockroach waves its antennae.
The giant cockroach bites you but does no damage.
The jelly barely misses you. The goblin barely misses you.
You barely miss the giant cockroach. The giant cockroach bites you.
* * * LOW HITPOINT WARNING * * *
The jelly hits you.
* * * LOW HITPOINT WARNING * * *
You are splashed with acid!
You die...

##.###B# #.# #.#
## #.# #.# . ..#
#.# ########.#
### #.#
.......#.# #.#
#.....r# #.#
#.###########.#
#.........J@B.#
##.######.g####
##.# #..# #..#
#..# #..# #..#
###.##..# #..#
........#+####..#
######..........#
############


You could see a jelly, a giant cockroach and a goblin.

Vanquished Creatures
  2 dart slugs (D:1)
  A ball python (D:1)
  6 goblins (D:1)
  3 hobgoblins (D:1)
  6 jackals (D:1)
  5 bats (D:1)
  A frilled lizard (D:1)
  5 kobolds (D:1)
  2 rats (D:1)
31 creatures vanquished.

Notes
Turn   | Place    | Note
-------+----------+-------------------------------------------
     0 | D:1      | windgrace the Vampire Brigand began the quest for the Orb.
     0 | D:1      | Reached XP level 1. HP: 16/16 MP: 1/1
    36 | D:1      | Reached skill level 6 in Stealth
   149 | D:1      | Reached XP level 2. HP: 22/22 MP: 2/2
   444 | D:1      | Reached XP level 3. HP: 22/27 MP: 3/3
   995 | D:1      | Reached skill level 7 in Stealth
  1061 | D:2      | Splashed by a jelly's acid

Illustrated notes

Levels and vault maps discovered:
D:1:      co_arrival_hexagon_in_a_hexagon, layout_loops_ring
D:2:      layout_loops_ring, fedhas_altar_4, nicolae_overflow_crystal_walls,
          general_overflow_altar

Skill      XL: |  1  2  3 |
---------------+----------+-----
Stealth        | 6 7 |  7.0
Fighting       | 2 |  2.0
Short Blades   | |  2.3
Throwing       | |  1.9
Dodging        | |  1.4

Action                   || total
-------------------------++-------
Melee: Dagger            ||    95
       Bite              ||    12
 Abil: End Transformatio ||     1
       Bat Form          ||     1
       Exsanguinate      ||     1
       Revivify          ||     1
 Stab: Sleeping          ||     5
Armor: Robe              ||    35
Dodge: Dodged            ||    77
